 Dungeon Crawl Stone Soup version 0.22-a0-441-gcf5b0c64b7 (webtiles) character file.

1081 Ordine the Carver (level 8, -6/46 HPs)
             Began as a Tengu Fighter on May 30, 2018.
             Mangled by an ogre
             ... wielding a +0 giant club
              (28 damage)
             ... on level 5 of the Dungeon.
             The game lasted 00:11:22 (5225 turns).

Ordine the Carver (Tengu Fighter)                   Turns: 5225, Time: 00:11:23

Health: -6/46      AC:  6    Str: 18    XL:     8   Next: 29%
Magic:  6/9        EV:  9    Int:  8    God:
Gold:   145        SH: 10    Dex: 15    Spells: 7/7 levels left

rFire    . . .     SeeInvis .   a - +1 long sword
rCold    . . .     Gourm    .   c - +0 shield
rNeg     . . .     Faith    .   b - +0 scale mail
rPois    .         Spirit   .   (helmet restricted)
rElec    .         Reflect  .   (no cloak)
rCorr    .         Harm     .   (no gloves)
MR       .....                  (boots unavailable)
Stlth    ..........             (no amulet)
HPRegen  0.15/turn              (no ring)
MPRegen  0.11/turn              (no ring)

@: flying quickly and evasively, quick
A: beak, talons 3, able to fly 1
a: no special abilities


You were on level 5 of the Dungeon.
You were not hungry.

You visited 1 branch of the dungeon, and saw 5 of its levels.
You also visited: Ossuary.

You collected 145 gold pieces.

Inventory:

Hand Weapons
 a - a +1 long sword (weapon)
 n - a +1 short sword of venom
Armour
 b - a +0 scale mail (worn)
 c - a +0 shield (worn)
Magical Staves
 m - an uncursed staff of air
Wands
 q - a wand of acid (7)
Scrolls
 d - a scroll of amnesia
 h - a scroll of fog
 k - 2 scrolls of enchant weapon
 o - a scroll of enchant armour
 p - 2 scrolls of fear
 t - 2 scrolls of blinking
 u - 2 scrolls of magic mapping
Potions
 e - 3 potions of cancellation
 g - a potion of lignification
 i - 4 potions of curing
 j - a potion of flight
 l - a potion of agility {unknown}
 r - a potion of mutation
 s - 2 potions of ambrosia
Comestibles
 f - 6 rations


   Skills:
 - Level 3.0 Fighting
 * Level 8.8 Long Blades
 - Level 3.2 Armour
 + Level 6.2 Shields


You had 7 spell levels left.
You didn't know any spells.
Your spell library was empty.

Dungeon Overview and Level Annotations

Branches:
Dungeon (5/15)
 Temple: D:4-7

Altars:
Makhleb
Zin
The Shining One

Shops:
D:4 !


Innate Abilities, Weirdness & Mutations

You have a beak for a mouth.
You have claws for feet.
You can fly.


Message History

You open the door.
There is an open door here.
You open the door.
There is an open door here.
You open the door.
An ogre comes into view. It is wielding a giant club.
The ogre shouts!
There is an open door here.
You swoop lightly up into the air.
You feel very comfortable in the air.
You feel somewhat more hungry. The ogre hits you with a giant club!!
Ouch! That really hurt!
You block the ogre's attack.
You hit the ogre.
The ogre is lightly wounded.
The ogre closely misses you.
You hit the ogre. You peck the ogre.
The ogre is moderately wounded.
The ogre hits you with a giant club!!
Ouch! That really hurt!
You die...

..#.....#.......#.......#
..'.....#.......'.......#
..#.....#.......#.......#
..#.....#.......#.......#
..#######.......#.#####+#
...........#'####.##
...........#...#...#
...........#...#...#
...........#...#@..#
..####.....#...#O..#
..#..#.....#...#..##
..#..#######...'..#
..#'### #....#..# ......#
#....#..# ......+
#...##..# ......######..
#### ...........#..


You could see an ogre.

Vanquished Creatures
  A phantom (D:4)
  A sky beast (D:5)
  3 water moccasin zombies (Ossuary)
  A vampire bat (D:4)
  A crimson imp (D:5)
  3 hounds
  A bullfrog skeleton (D:5)
  An orc wizard (D:5)
  5 worker ants (D:4)
  5 big kobold zombies (Ossuary)
  2 mummies (Ossuary)
  A howler monkey skeleton (D:4)
  4 gnolls (D:4)
  6 adders
  An ooze (D:1)
  5 adder zombies (Ossuary)
  3 worms
  3 dart slugs
  3 leopard geckos
  5 orcs
  A ball python (D:2)
  3 giant cockroaches
  10 goblins
  9 hobgoblins
  8 jackals
  A quokka (D:3)
  20 bats
  6 frilled lizards
  2 gnoll zombies (Ossuary)
  7 hobgoblin zombies (Ossuary)
  9 kobolds
  5 kobold zombies (Ossuary)
  4 orc zombies (Ossuary)
  5 rats
145 creatures vanquished.

Notes
Turn   | Place    | Note
-------+----------+-------------------------------------------
     0 | D:1      | Ordine the Tengu Fighter began the quest for the Orb.
     0 | D:1      | Reached XP level 1. HP: 14/14 MP: 2/2
   201 | D:1      | Reached XP level 2. HP: 19/19 MP: 3/3
   256 | D:1      | Reached skill level 3 in Long Blades
   608 | D:1      | Reached XP level 3. HP: 23/23 MP: 4/4
  1217 | D:2      | Reached skill level 4 in Long Blades
  1316 | D:2      | Reached XP level 4. HP: 27/28 MP: 5/5
  1899 | D:3      | Found a glowing golden altar of the Shining One.
  1899 | D:3      | Found a burning altar of Makhleb.
  1899 | D:3      | Found a glowing silver altar of Zin.
  2308 | D:3      | Gained mutation: You can fly. [Tengu growth]
  2308 | D:3      | Reached XP level 5. HP: 29/32 MP: 6/6
  2498 | D:3      | You fall through a shaft for 2 floors!
  2498 | D:5      | Entered Level 5 of the Dungeon
  2555 | D:5      | Reached skill level 5 in Long Blades
  2559 | D:5      | Noticed a sky beast
  2575 | D:5      | Found a sand-covered staircase.
  2585 | Ossuary  | Entered an ossuary
  2853 | Ossuary  | Reached XP level 6. HP: 27/37 MP: 7/7
  2927 | Ossuary  | Reached skill level 6 in Long Blades
  3095 | Ossuary  | Reached skill level 5 in Shields
  3095 | Ossuary  | Reached XP level 7. HP: 41/41 MP: 8/8
  3324 | D:5      | Reached skill level 7 in Long Blades
  3642 | D:4      | Found Sisosico's Distillery.
  3939 | D:4      | Reached skill level 8 in Long Blades
  4091 | D:4      | Reached XP level 8. HP: 16/46 MP: 9/9
  5225 | D:5      | Mangled by an ogre

Vault maps used:
D:1:      minmay_arrival_four_loops
D:2:      first_ration
D:3:      gammafunk_temple_overflow_claw, minmay_misc_feat_four_crosses
D:4:      serial_shops, shop, roderic_batcave
D:5:      minmay_temple_entry_fiery, enter_ossuary_1
Ossuary:  ossuary_tomb_2

Skill      XL: |  1  2  3  4  5  6  7  8 |
---------------+-------------------------+-----
Long Blades    | 3 4 5 6 8 |  8.8
Shields        | 4 5 6 |  6.2
Fighting       | |  3.0
Armour         | |  3.2

Action                   |  1- 3 |  4- 6 |  7- 9 || total
-------------------------+-------+-------+-------++-------
Melee: Long sword        |    69 |   140 |   156 ||   365
       Peck              |    15 |    29 |    39 ||    83
       Kick              |    19 |    53 |    53 ||   125
 Abil: Fly               |       |       |     1 ||     1
  Use: Scroll            |     6 |     4 |     9 ||    19
       Potion            |       |       |     4 ||     4
  Eat: Chunk             |     1 |     5 |     5 ||    11
       Ration            |       |       |     1 ||     1
Armor: Scale mail        |    27 |    49 |    53 ||   129
Dodge: Dodged            |    22 |    39 |    34 ||    95
Block: Shield            |    31 |    62 |    75 ||   168
       Rpst.: Long sword |     7 |    10 |    12 ||    29

Table legend:
 A = Spawn XP
 B = Non-spawn XP
 C = Spawn XP percentage of total XP
 D = Spawn monster count
 E = Non-spawn monster count
 F = Spawn count percentage of total count
 G = Total turns spent on level
                    A         B        C        D         E        F      G
               +---------+---------+-------+---------+---------+-------+---------
         Total |       0 |    1545 |   0.0 |       0 |     145 |   0.0 |  5225
               +---------+---------+-------+---------+---------+-------+---------
           D:1 |       0 |      42 |   0.0 |       0 |      19 |   0.0 |   815
           D:2 |       0 |      54 |   0.0 |       0 |      25 |   0.0 |   933
           D:3 |       0 |      86 |   0.0 |       0 |      29 |   0.0 |   825
           D:4 |       0 |     571 |   0.0 |       0 |      27 |   0.0 |  1267
           D:5 |       0 |     321 |   0.0 |       0 |      12 |   0.0 |   650
       Ossuary |       0 |     471 |   0.0 |       0 |      33 |   0.0 |   735
               +---------+---------+-------+---------+---------+-------+---------
